 Dungeon Crawl Stone Soup version 0.31.0-9-g3a7656b989 (webtiles) character file.

Game seed: 6821107190084380774

95 Couri the Trooper (level 4, -10/46 (49) HPs)
             Began as an Oni Warper on Feb 5, 2024.
             Mangled by Crazy Yiuf
             ... wielding a +4 quarterstaff of chaos
              (14 damage)
             ... on level 2 of the Dungeon.
             The game lasted 00:03:53 (1758 turns).

Couri the Trooper (Oni Warper)                      Turns: 1758, Time: 00:03:53

HP:   -10/46 (49)   AC:  3    Str: 17    XL:     4   Next: 65%
MP:   7/7           EV: 10    Int: 14    God:
Gold: 107           SH:  0    Dex:  8    Spells: 6/8 levels left

rFire   . . .        a - +0 mace
rCold   . . .        (no shield)
rNeg    . . .        b - +0 robe
rPois   .            (helmet restricted)
rElec   .            (no cloak)
rCorr   .            (gloves unavailable)
SInv    .            (boots unavailable)
Will    .....        h - amulet of magic regeneration
Stlth   +            (no ring)
HPRegen 0.27/turn    (no ring)
MPRegen 0.50/turn

%: no passive effects
@: lethally poisoned (-10 -> -18), drained
A: large, unfitting armour, horns 1, tough skin 1, double potion healing,
drunken brawling
a: no special abilities


You were on level 2 of the Dungeon.
You visited 1 branch of the dungeon, and saw 2 of its levels.

You collected 107 gold pieces.

Inventory:

Hand Weapons
 a - a +0 mace (weapon)
 l - a +0 flail
Missiles
 d - 7 darts of dispersal (quivered)
Armour
 b - a +0 robe (worn)
 j - a +0 robe
Jewellery
 h - an amulet of magic regeneration (around neck)
Scrolls
 c - a scroll of blinking
 e - 2 scrolls of noise {unknown}
 f - a scroll of identify {unknown}
 i - 2 scrolls of teleportation {unknown}
 k - a scroll of brand weapon {unknown}
Potions
 g - a potion of magic {unknown}


   Skills:
 * Level 4.3 Fighting
 * Level 3.2 Maces & Flails
 - Level 1.1 Throwing
 + Level 2.7 Dodging
 - Level 2.5 Spellcasting
 - Level 2.7 Translocations


You had 6 spell levels left.
You knew the following spells:

 Your Spells              Type           Power      Damage    Failure   Level
a - Blink                 Tloc           18%        N/A       11%         2

Your spell library contained the following spells:

 Spells                   Type           Power      Damage    Failure   Level
 Lesser Beckoning         Tloc           18%        N/A       11%         2
 Kiss of Death            Conj/Necr      4%         2d5       22%         1
 Sting                    Conj/Alch      4%         1d3       22%         1
 Teleport Other           Tloc           9%         N/A       22%         3
 Manifold Assault         Tloc           9%         N/A       58%         4
 Vhi's Electric Charge    Tloc/Air       10%        N/A       77%         4
 Flame Wave               Conj/Fire      1%         2d4       92%         4


Dungeon Overview and Level Annotations

Branches:
Dungeon (2/15)

Altars:

Annotations:
D:2 Crazy Yiuf


Innate Abilities, Weirdness & Mutations

You are too large for most types of armour.
You have a pair of small horns on your head.
You have tough skin. (AC +1)
You gain doubled healing and magic from potions.
Whenever you drink a healing potion, you attack all around you.


Message History

Crazy Yiuf yells, "Powder bush forty-two!"
Press: ? - help, . - travel You can't see that place.
As you open the door, it creaks loudly!
Crazy Yiuf says, "Crazy?
Crazy!?
PORCUPINE!"
You hit Crazy Yiuf. Your headbutt misses Crazy Yiuf.
Crazy Yiuf is moderately wounded.
Crazy Yiuf cries, "You leg down broken song, no?"
Crazy Yiuf hits you with a +4 quarterstaff of chaos!
Crazy Yiuf burns you. Crazy Yiuf barely misses you.
You hit Crazy Yiuf.
Crazy Yiuf is heavily wounded.
Crazy Yiuf hits you with a +4 quarterstaff of chaos.
You feel drained.
You barely miss Crazy Yiuf.
Crazy Yiuf is heavily wounded.
Crazy Yiuf barely misses you.
You closely miss Crazy Yiuf.
Crazy Yiuf is heavily wounded.
Crazy Yiuf hits you with a +4 quarterstaff of chaos!
You feel drained.
You closely miss Crazy Yiuf.
Crazy Yiuf is heavily wounded.
Crazy Yiuf says, "East!
Snoogle sing sow."
Crazy Yiuf closely misses you. x2
You hit Crazy Yiuf.
You headbutt Crazy Yiuf, but do no damage.
Crazy Yiuf is heavily wounded.
Crazy Yiuf barely misses you.
You closely miss Crazy Yiuf.
Crazy Yiuf is heavily wounded.
Crazy Yiuf hits you with a +4 quarterstaff of chaos!
* * * LOW HITPOINT WARNING * * *
You are lethally poisoned!
You hit Crazy Yiuf but do no damage. You headbutt Crazy Yiuf.
Crazy Yiuf is severely wounded.
* * * LOW HITPOINT WARNING * * *
You feel very sick.
Crazy Yiuf hits you with a +4 quarterstaff of chaos!
You die...

.##.#......#
##..####.>..##....#
.##.#......# #....#
#....##....'
.##.......## #P..P#
##...##....#
.....###### ##PP.#
#...##....#
....##### ##.##
######....#
........# ##.#
#..... ........#
#.## #.....
........# ##.#
###### ~..#.####
#@## .~...# #g#
~~~.## ... ...##
#...# .### #)..# ##
#####


You could see Crazy Yiuf.

Vanquished Creatures
  Robin (D:2)
  3 adders (D:2)
  A dart slug (D:1)
  2 ball pythons (D:1)
  3 giant cockroaches
  17 goblins
  9 hobgoblins
  2 quokkas
  2 bats
  2 frilled lizards (D:1)
  5 kobolds
  2 rats (D:1)
49 creatures vanquished.

Notes
Turn   | Place    | Note
-------+----------+-------------------------------------------
     0 | D:1      | Couri the Oni Warper began the quest for the Orb.
     0 | D:1      | Reached XP level 1. HP: 22/22 MP: 3/3
   124 | D:1      | You fall into a shaft and drop 1 floor!
   253 | D:1      | Got Wijidy's Anthology of Battling
   258 | D:1      | Reached XP level 2. HP: 29/29 MP: 5/5
   286 | D:1      | Reached skill level 3 in Fighting
   748 | D:1      | Reached XP level 3. HP: 35/37 MP: 6/6
   872 | D:1      | Learned a level 2 spell: Blink
  1314 | D:2      | Found a runed translucent door.
  1315 | D:2      | Noticed Crazy Yiuf
  1389 | D:2      | Noticed Robin
  1398 | D:2      | Killed Robin
  1399 | D:2      | Reached skill level 4 in Fighting
  1399 | D:2      | Reached XP level 4. HP: 48/48 MP: 7/7
  1758 | D:2      | Mangled by Crazy Yiuf

Illustrated notes

Levels and vault maps discovered:
D:1:      lemuel_arrival_cross, layout_loops_ring, st_stairs_3,
          minmay_tromino_v4_b
D:2:      layout_rooms, serial_rivers, chequers_serial_rivers_micro_c,
          chequers_serial_rivers_marsh, chequers_serial_rivers_marsh,
          chequers_serial_rivers_micro_b, chequers_serial_rivers_room_b,
          chequers_serial_rivers_large_a, uniq_robin, uniq_crazy_yiuf_cottage

Skill      XL: |  1  2  3 |
---------------+----------+-----
Fighting       | 3 4 |  4.3
Maces & Flails | 3 |  3.2
Throwing       | |  1.1
Dodging        | |  2.7
Spellcasting   | |  2.5
Translocations | |  2.7

Action                     |  1- 3 |  4- 6 || total
---------------------------+-------+-------++-------
  Melee: Mace              |    94 |    48 ||   142
         Headbutt          |    11 |     7 ||    18
         Punch             |     1 |       ||     1
 Armour: Robe              |    63 |    30 ||    93
  Dodge: Dodged            |    57 |    26 ||    83
